Map: Lerilak Crest

Players

Rinka

  • Race: Protoss Protoss
  • League: Grandmaster

Nice - Winner!

  • Race: Protoss Protoss

Event: DreamHack ZOWIE Open Leipzig

VOD

Have the link to the VOD?

Description

Time

  • Played on: Jan. 22, 2016, 7:41 a.m.
  • Length: 7:47

All games in this series

Show
View Real Time Build Order
Export as new Build Order

Rinka Protoss 

Build Orders:  

Get SALT Encoding   

  12  0:01  Probe (Chrono Boost)  
  13  0:11  Probe (Chrono Boost)  
  14  0:18  Pylon  
  14  0:22  Probe (Chrono Boost)  
  15  0:36  Probe (Chrono Boost)  
  15  0:37  Gateway  
  16  0:46  Probe (Chrono Boost)  
  17  0:51  Assimilator  
  17  0:54  Assimilator  
  18  0:57  Probe (Chrono Boost)  
  18  1:07  Probe (Chrono Boost)  
  18  1:10  Gateway  
  19  1:18  Probe (Chrono Boost)  
  20  1:25  Cybernetics Core  
  20  1:30  Probe (Chrono Boost)  
  21  1:38  Pylon  
  21  1:40  Probe (Chrono Boost)  
  22  1:51  Probe (Chrono Boost)  
  23  2:01  Adept x2  
  25  2:02  Warp Gate (Chrono Boost)  
  27  2:09  Mothership Core  
  29  2:22  Pylon  
  29  2:35  Stalker (Chrono Boost)  
  31  2:40  Stalker (Chrono Boost)  
  33  2:57  Pylon  
  35  3:10  Stalker x2 (Chrono Boost)  
  37  3:16  Robotics Facility  
  37  3:26  Gateway  
  35  3:58  Stalker  
  35  3:59  Stalker  
  43  4:11  Observer  
  41  4:19  Nexus  
  41  4:21  Pylon  
  37  4:26  Stalker  
  37  4:30  Stalker  
  40  4:43  Stalker  
  36  4:51  Stalker  
  34  4:54  Stalker  
  36  5:01  Mothership Core (Chrono Boost)  
  38  5:20  Probe (Chrono Boost)  
  34  5:31  Probe (Chrono Boost)  
  35  5:39  Stalker  
  35  5:41  Probe (Chrono Boost), Pylon  
  38  5:54  Stalker  
  38  5:55  Stalker  
  41  6:01  Probe (Chrono Boost)  
  41  6:02  Probe (Chrono Boost)  
  41  6:11  Probe (Chrono Boost)  
  41  6:12  Stalker  
  43  6:23  Stalker  
  45  6:39  Stalker  
  47  6:53  Stalker  
  49  6:56  Probe (Chrono Boost)  
  49  6:57  Probe (Chrono Boost)  
  45  7:12  Stalker  
  45  7:13  Stalker  
  44  7:22  Stalker  
  40  7:36  Stalker  
Show
View Real Time Build Order
Export as new Build Order

Nice Protoss - Winner!

Build Orders:  

Get SALT Encoding   

  12  0:01  Probe (Chrono Boost)  
  13  0:12  Probe (Chrono Boost)  
  14  0:19  Pylon  
  14  0:23  Probe (Chrono Boost)  
  15  0:37  Gateway, Probe (Chrono Boost)  
  16  0:47  Probe (Chrono Boost)  
  17  0:50  Assimilator  
  17  0:55  Assimilator  
  17  0:58  Probe (Chrono Boost)  
  18  1:04  Gateway  
  18  1:08  Probe (Chrono Boost)  
  19  1:19  Probe (Chrono Boost), Pylon  
  20  1:32  Cybernetics Core  
  20  1:35  Probe (Chrono Boost)  
  21  1:45  Probe (Chrono Boost)  
  23  2:08  Stalker x2, Warp Gate (Chrono Boost)  
  26  2:13  Probe  
  27  2:25  Mothership Core  
  29  2:38  Stalker  
  31  2:47  Pylon  
  31  2:53  Pylon  
  31  3:00  Probe  
  31  3:05  Stalker  
  33  3:15  Stargate  
  33  3:22  Gateway  
  33  3:36  Probe  
  34  3:56  Nexus  
  34  3:58  Pylon  
  34  4:00  Oracle (Chrono Boost)  
  37  4:11  Stalker  
  37  4:12  Stalker, Probe  
  42  4:22  Stalker  
  44  4:24  Probe  
  45  4:37  Oracle (Chrono Boost)  
  38  4:56  Stalker x2  
  38  4:59  Probe (Chrono Boost)  
  43  5:10  Probe (Chrono Boost)  
  43  5:11  Robotics Facility  
  45  5:14  Probe (Chrono Boost)  
  45  5:20  Probe (Chrono Boost)  
  46  5:25  Probe (Chrono Boost)  
  47  5:31  Probe (Chrono Boost)  
  48  5:35  Pylon  
  48  5:37  Sentry  
  48  5:39  Probe (Chrono Boost)  
  48  5:41  Probe (Chrono Boost)  
  53  5:50  Probe (Chrono Boost)  
  53  5:52  Probe (Chrono Boost)  
  53  5:55  Pylon  
  54  6:00  Probe (Chrono Boost)  
  54  6:02  Probe (Chrono Boost)  
  54  6:03  Assimilator  
  54  6:04  Observer  
  57  6:06  Assimilator  
  57  6:11  Probe (Chrono Boost)  
  58  6:13  Probe (Chrono Boost)  
  58  6:14  Twilight Council  
  58  6:18  Pylon  
  59  6:21  Probe (Chrono Boost)  
  59  6:23  Stalker x2  
  59  6:24  Probe (Chrono Boost)  
  65  6:28  Pylon  
  65  6:32  Probe (Chrono Boost)  
  66  6:34  Stalker  
  67  6:49  Stalker x2  
  71  6:56  Gateway  
  71  6:57  Probe, Gateway  
  71  6:58  Pylon  
  71  6:59  Probe  
  70  7:13  Stalker x3  
  62  7:32  Probe  
  62  7:33  Probe  
  60  7:37  Stalker x3  

Tags
 
Add a new tag
Caveats
  • Supply blocks, unpowered buildings, or Contaminate may cause inaccurate times.
  • Supply counts are checked every 10 seconds.